Map: Emerald City LE

Players

Massa

  • Race: Terran Terran
  • League: Gold
  • Spawn Location: 5:00

qqq

  • Race: Zerg Zerg
  • League: Platinum
  • Spawn Location: 5:00

eves - Winner!

  • Race: Protoss Protoss
  • League: Bronze
  • Spawn Location: 11:00

PapySywan - Winner!

  • Race: Zerg Zerg
  • League: Platinum
  • Spawn Location: 11:00

VOD

Have the link to the VOD?

Description

Time

  • Played on: June 3, 2020, 12:03 p.m.
  • Length: 13:33
Show
View Real Time Build Order
Export as new Build Order

Massa Terran 

Build Orders: 2 Factory 

Get SALT Encoding   

  12  0:15  SCV  
  12  0:16  Supply Depot  
  13  0:27  SCV  
  14  0:40  SCV  
  14  0:41  Barracks  
  15  0:52  SCV  
  16  1:04  SCV  
  17  1:17  SCV  
  18  1:22  Refinery  
  18  1:24  Refinery  
  18  1:29  SCV  
  18  1:30  Marine  
  20  1:44  Command Center  
  20  1:48  Marine  
  21  1:55  SCV  
  22  2:07  Orbital Command  
  22  2:24  Supply Depot  
  22  2:29  Reaper  
  23  2:32  Factory  
  23  2:46  SCV  
  24  2:58  SCV  
  25  3:03  Factory  
  25  3:17  Marine  
  26  3:34  Marine  
  26  3:49  Factory Reactor  
  26  3:57  Factory Tech Lab  
  23  4:03  SCV  
  22  4:15  SCV  
  18  4:28  SCV  
  18  4:30  Siege Tank  
  22  4:31  Hellion x2  
  22  4:36  SCV  
  27  4:39  Marine  
  27  4:40  SCV  
  29  4:48  SCV  
  29  4:52  SCV  
  31  4:53  Hellion  
  31  4:56  Infernal Pre-Igniter  
  31  4:57  Marine  
  34  5:00  SCV  
  34  5:04  SCV  
  36  5:07  Supply Depot  
  33  5:16  SCV  
  33  5:20  Engineering Bay  
  34  5:28  SCV  
  35  5:37  Barracks  
  35  5:46  Marine  
  35  6:03  Marine  
  36  6:04  Missile Turret  
  36  6:09  Missile Turret  
  36  6:14  Terran Infantry Weapons Level 1  
  36  6:18  Armory  
  36  6:21  Marine  
  36  6:22  Siege Tank  
  36  6:24  Hellion x2, Missile Turret  
  44  6:28  Barracks Tech Lab  
  44  6:29  Missile Turret  
  44  6:31  SCV x2  
  46  6:39  Marine  
  47  6:51  Missile Turret  
  47  6:57  Marine  
  48  7:04  Marauder  
  50  7:15  Terran Vehicle Weapons Level 1  
  40  7:20  Hellion x2  
  47  7:37  Siege Tank  
  47  7:41  Refinery, Hellion  
  47  7:42  Hellion  
  51  7:52  SCV x2, Command Center  
  53  8:02  Marine  
  54  8:07  Starport  
  54  8:23  Supply Depot  
  54  8:32  Supply Depot  
  54  8:35  SCV  
  54  8:36  Starport  
  54  8:52  SCV x2, Hellion, Marauder, Marine  
  54  8:53  Hellion  
  54  8:54  Supply Depot  
  63  9:02  Stimpack  
  63  9:04  SCV x2  
  65  9:11  Terran Vehicle And Ship Armor Level 1  
  65  9:17  Supply Depot  
  65  9:28  Viking x2  
  69  9:38  SCV, Missile Turret  
  70  9:39  Supply Depot  
  70  9:43  Orbital Command  
  70  9:45  SCV  
  70  9:50  SCV  
  72  10:01  Supply Depot  
  72  10:08  Viking x2  
  76  10:15  Planetary Fortress  
  76  10:18  Missile Turret  
  76  10:23  Supply Depot  
  76  10:38  Viking x2  
  76  10:41  SCV x2  
  76  10:42  Combat Shield  
  82  10:53  SCV x2  
  76  11:05  SCV x2  
  48  11:15  Viking  
  48  11:21  Refinery  
  48  11:24  Starport Reactor  
  46  11:30  Starport  
  46  11:31  SCV  
  47  11:41  Starport  
  47  11:43  SCV  
  47  11:45  Viking  
  50  11:50  Marauder, Marine  
  50  11:53  Hellion x2  
  57  11:55  SCV  
  57  11:57  Siege Tank  
  57  12:00  SCV x2  
  63  12:07  SCV  
  63  12:08  Marine  
  64  12:12  SCV, Marauder  
  64  12:13  SCV  
  64  12:14  Viking x3  
  64  12:15  Hellion  
  77  12:19  SCV, Starport Reactor  
  78  12:23  Starport Tech Lab  
  78  12:26  Marine  
  79  12:33  Marine  
  79  12:35  Barracks  
  80  12:40  Barracks  
  80  12:44  Marine, Viking  
  81  12:50  Marine  
  90  13:01  Marine  
  90  13:02  Hellion x2  
  95  13:08  Marine  
Show
View Real Time Build Order
Export as new Build Order

qqq Zerg 

Build Orders: Hatch First 

Get SALT Encoding   

  12  0:01  Drone  
  13  0:08  Drone  
  14  0:38  Hatchery  
  13  0:47  Extractor  
  12  0:53  Spawning Pool  
  11  1:02  Overlord  
  11  1:09  Drone  
  12  1:12  Drone  
  13  1:24  Drone  
  14  1:26  Drone  
  15  1:36  Drone  
  16  1:50  Drone  
  17  1:54  Queen  
  19  2:01  Lair  
  19  2:05  Drone  
  20  2:09  Drone  
  21  2:16  Overlord  
  21  2:20  Zergling x2  
  22  2:23  Drone  
  22  2:28  Drone  
  24  2:31  Drone  
  24  2:36  Drone  
  26  2:38  Drone  
  27  2:53  Drone x2  
  27  2:54  Drone  
  27  2:57  Extractor  
  29  3:01  Drone, Infestation Pit  
  29  3:04  Extractor  
  29  3:05  Drone  
  29  3:19  Pneumatized Carapace  
  29  3:25  Drone  
  29  3:26  Queen  
  32  3:28  Drone x3  
  32  3:33  Extractor  
  34  3:40  Overlord x2  
  34  3:44  Drone  
  35  3:53  Overseer  
  35  3:58  Swarm Host  
  41  4:02  Spore Crawler  
  40  4:15  Zergling x2  
  41  4:29  Spine Crawler  
  40  4:35  Drone x4  
  50  4:41  Overlord  
  50  4:42  Overlord  
  50  4:43  Overlord  
  50  4:46  Drone  
  51  4:55  Drone  
  52  5:06  Drone  
  59  5:20  Burrow  
  59  5:21  Drone x2  
  67  5:35  Drone  
  69  5:47  Drone x2  
  69  5:49  Drone  
  72  5:50  Spire  
  74  6:04  Drone  
  75  6:05  Hive  
  75  6:07  Drone  
  76  6:13  Overlord x2  
  88  7:38  Mutalisk x2  
  88  7:39  Mutalisk x2  
  75  7:48  Mutalisk x2  
  75  7:49  Mutalisk x3  
  79  7:53  Zerg Flyer Weapons Level 1  
  79  8:06  Mutalisk  
  79  8:09  Drone x3  
  84  8:13  Overlord x2  
  84  8:14  Overlord  
  84  8:16  Hatchery  
  83  8:26  Hatchery  
  82  8:36  Hatchery  
  82  8:41  Mutalisk x4  
  88  8:56  Mutalisk x2  
  88  8:57  Zergling x6  
  88  8:58  Zergling x2  
  96  9:27  Corruptor  
  96  9:28  Corruptor  
  96  9:30  Drone  
  101  9:46  Mutalisk  
  101  9:47  Mutalisk, Zerg Flyer Armor Level 1  
  101  9:49  Drone x4  
  101  9:50  Zergling x6  
  100  10:09  Mutalisk x2  
  100  10:10  Drone x2  
  100  10:11  Drone x4  
  96  10:29  Drone x2  
  96  10:30  Drone x2  
  96  10:31  Spine Crawler  
  96  10:34  Spine Crawler  
  98  10:36  Spine Crawler  
  98  10:37  Drone, Spore Crawler  
  98  10:38  Drone x2, Mutalisk x3  
  105  10:53  Mutalisk  
  105  10:54  Mutalisk  
  109  11:02  Zergling x4  
  109  11:03  Drone, Zergling x4  
  109  11:04  Drone x6  
  118  11:12  Corruptor x2  
  118  11:33  Mutalisk x2  
  119  11:45  Corruptor  
  121  11:47  Drone x5  
  121  11:53  Extractor x2, Corruptor  
  126  11:55  Overlord x3  
  120  12:26  Mutalisk x4  
  114  12:52  Hydralisk Den  
  114  12:53  Spore Crawler  
  114  12:55  Spore Crawler  
  114  12:56  Mutalisk x2  
  114  12:57  Mutalisk  
  109  12:59  Zergling x6  
  109  13:00  Zergling x12  
Show
View Real Time Build Order
Export as new Build Order

eves Protoss - Winner!

Build Orders: Oracle Opening, Phoenix Opening 

Get SALT Encoding   

  12  0:01  Probe  
  13  0:13  Probe  
  14  0:20  Pylon  
  14  0:25  Probe  
  15  0:38  Probe (Chrono Boost), Gateway  
  17  0:50  Probe (Chrono Boost), Assimilator  
  17  0:55  Probe (Chrono Boost)  
  18  1:05  Probe  
  19  1:17  Probe  
  20  1:19  Assimilator  
  20  1:25  Cybernetics Core  
  20  1:29  Probe  
  21  1:33  Pylon  
  21  1:41  Probe  
  22  1:53  Probe  
  23  2:05  Probe (Chrono Boost)  
  23  2:06  Stargate  
  24  2:10  Pylon  
  24  2:17  Probe (Chrono Boost), Pylon  
  25  2:23  Probe (Chrono Boost)  
  26  2:31  Probe  
  27  2:42  Nexus  
  28  2:44  Probe  
  28  2:46  Oracle (Chrono Boost)  
  31  2:58  Probe  
  32  3:09  Protoss Air Weapons Level 1  
  32  3:14  Probe, Assimilator  
  32  3:19  Assimilator  
  33  3:21  Phoenix  
  36  3:41  Probe  
  36  4:16  Probe x2  
  38  4:21  Pylon  
  38  4:27  Void Ray (Chrono Boost)  
  38  4:28  Probe x2  
  38  4:29  Stargate  
  44  4:40  Probe  
  45  4:48  Pylon  
  45  4:49  Probe  
  45  4:52  Probe, Forge  
  47  5:01  Probe  
  47  5:04  Probe  
  49  5:15  Protoss Air Armor Level 1 (Chrono Boost)  
  49  5:22  Probe x2  
  51  5:29  Stargate  
  51  5:33  Photon Cannon  
  51  5:34  Void Ray x2 (Chrono Boost)  
  51  5:38  Photon Cannon x2  
  60  5:42  Probe  
  60  5:43  Probe  
  61  5:51  Pylon  
  61  5:53  Pylon  
  61  6:03  Probe x2  
  63  6:10  Void Ray x2  
  71  6:15  Probe  
  72  6:24  Probe  
  72  6:25  Fleet Beacon  
  73  6:27  Probe  
  74  6:32  Pylon  
  74  6:34  Phoenix  
  76  6:49  Probe x2  
  76  6:52  Nexus  
  76  6:53  Pylon  
  78  7:05  Probe x2  
  78  7:06  Void Ray x2  
  88  8:03  Pylon  
  88  8:05  Nexus  
  88  8:10  Tempest, Carrier (Chrono Boost)  
  99  8:15  Flux Vanes  
  99  8:18  Pylon  
  99  8:20  Pylon  
  99  8:21  Pylon  
  105  8:28  Carrier (Chrono Boost)  
  105  8:30  Protoss Air Weapons Level 2 (Chrono Boost)  
  104  8:56  Phoenix (Chrono Boost)  
  104  9:03  Pylon x2  
  104  9:12  Phoenix (Chrono Boost)  
  106  9:21  Phoenix (Chrono Boost)  
  106  9:23  Pylon  
  108  9:32  Probe x2  
  108  9:33  Pylon  
  110  9:39  Phoenix (Chrono Boost), Assimilator  
  110  9:42  Phoenix (Chrono Boost)  
  110  9:45  Assimilator  
  116  9:46  Phoenix (Chrono Boost)  
  116  9:56  Tempest (Chrono Boost)  
  116  9:58  Phoenix (Chrono Boost)  
  121  10:06  Probe  
  125  10:07  Probe  
  125  10:10  Probe  
  126  10:19  Probe x2  
  128  10:25  Tempest  
  128  10:26  Photon Cannon, Phoenix  
  128  10:28  Photon Cannon  
  135  10:31  Photon Cannon  
  135  10:34  Photon Cannon  
  135  10:37  Phoenix  
  137  10:52  Phoenix  
  136  11:02  Phoenix  
  138  11:08  Phoenix  
  140  11:13  Probe x2  
  146  11:19  Void Ray (Chrono Boost)  
  146  11:26  Phoenix  
  146  11:28  Pylon  
  146  11:29  Pylon  
  146  11:31  Pylon  
  146  11:32  Pylon  
  144  11:34  Phoenix (Chrono Boost)  
  146  11:51  Carrier (Chrono Boost)  
  152  11:59  Probe x3  
  155  12:05  Phoenix x2 (Chrono Boost)  
  159  12:11  Pylon  
  159  12:14  Pylon  
  159  12:26  Phoenix (Chrono Boost)  
  173  12:58  Pylon  
  173  13:00  Phoenix, Pylon  
Show
View Real Time Build Order
Export as new Build Order

PapySywan Zerg - Winner!

Build Orders: Hatch First 

Get SALT Encoding   

  12  0:02  Drone  
  13  0:13  Overlord  
  13  0:16  Drone  
  14  0:31  Drone x2  
  14  0:35  Drone  
  17  0:56  Hatchery  
  16  0:57  Drone  
  16  1:03  Drone  
  16  1:04  Extractor  
  17  1:17  Spawning Pool  
  16  1:20  Drone  
  17  1:33  Drone  
  17  1:37  Overlord  
  18  2:03  Queen  
  18  2:08  Drone  
  21  2:09  Drone x2  
  21  2:10  Queen  
  21  2:12  Drone  
  26  2:19  Metabolic Boost  
  26  2:21  Drone  
  27  2:24  Drone  
  28  2:34  Drone  
  28  2:36  Drone  
  30  2:47  Drone  
  30  2:48  Evolution Chamber  
  30  2:59  Drone x3  
  33  3:06  Roach Warren  
  33  3:09  Drone, Evolution Chamber  
  32  3:15  Overlord  
  32  3:17  Zerg Ground Armor Level 1  
  32  3:21  Zergling x2  
  32  3:22  Extractor, Zergling x6  
  32  3:26  Overlord  
  35  3:44  Queen  
  37  3:50  Drone x3  
  37  3:52  Zerg Missile Weapons Level 1  
  40  4:01  Drone  
  40  4:02  Drone x3  
  44  4:03  Overlord x2  
  42  4:26  Drone  
  42  4:27  Drone x2, Overlord  
  42  4:29  Overlord  
  45  4:32  Lair  
  45  4:36  Drone x3  
  48  4:40  Zergling x6  
  51  4:59  Extractor  
  50  5:02  Overlord  
  50  5:03  Queen  
  50  5:04  Zergling x2  
  50  5:05  Zergling x8  
  57  5:35  Glial Reconstitution  
  54  5:38  Overseer x2  
  54  5:44  Roach x4  
  54  5:45  Roach x6  
  54  5:49  Zerg Missile Weapons Level 2  
  70  6:17  Drone  
  70  6:18  Overlord x2  
  71  6:20  Roach x3  
  71  6:21  Roach x3  
  71  6:22  Overlord  
  83  6:32  Zerg Ground Armor Level 2  
  83  6:36  Hatchery  
  82  6:48  Drone  
  82  6:49  Drone, Overlord  
  84  7:06  Zergling x16  
  84  7:07  Zergling x2  
  89  7:18  Overseer  
  89  7:33  Overseer  
  87  7:52  Roach x7  
  87  7:53  Roach  
  87  7:54  Queen  
  105  8:02  Drone, Extractor  
  105  8:30  Extractor, Pneumatized Carapace  
  105  8:32  Extractor  
  103  8:40  Hydralisk Den  
  102  8:45  Spore Crawler x2  
  102  8:48  Spore Crawler  
  99  8:52  Spore Crawler  
  98  9:07  Overlord x4  
  98  9:10  Muscular Augments  
  98  9:12  Hydralisk x5  
  98  9:13  Hydralisk x3  
  98  9:15  Overlord x3  
  98  9:16  Overlord x6  
  114  9:30  Drone  
  115  9:42  Hydralisk  
  115  9:43  Hydralisk x5  
  112  10:18  Hydralisk x5  
  112  10:19  Hydralisk x5  
  128  10:21  Grooved Spines, Zergling x4  
  128  10:22  Zergling x2  
  128  10:31  Drone  
  128  10:33  Drone x3  
  132  10:57  Hydralisk x5  
  132  10:58  Hydralisk x2  
  132  11:00  Zergling x2  
  124  11:19  Spore Crawler  
  124  11:24  Drone x3  
  121  11:28  Drone, Spore Crawler  
  121  11:31  Spore Crawler  
  120  11:46  Hydralisk x5  
  128  11:53  Drone  
  131  11:57  Spore Crawler  
  131  11:59  Spore Crawler  
  129  12:02  Spore Crawler  
  129  12:05  Overseer  
  128  12:09  Overseer  
  127  12:22  Drone x3  
  128  12:44  Drone x2  
  129  13:02  Hydralisk  
  129  13:03  Hydralisk x4  
  129  13:04  Roach x2  
  129  13:05  Roach x4  
  151  13:06  Zergling x2  
Tags
 
Add a new tag
Caveats
  • Supply blocks, unpowered buildings, or Contaminate may cause inaccurate times.
  • Supply counts are checked every 10 seconds.